 Dungeon Crawl Stone Soup version 0.22-a0-779-g6f83d72c62 (webtiles) character file.

477 Htamos the Skirmisher (level 7, -12/61 HPs)
             Began as a Barachi Fighter on July 19, 2018.
             Mangled by a two-headed ogre
             ... wielding a +1 dire flail of protection
              (19 damage)
             ... on level 4 of the Dungeon.
             The game lasted 00:04:29 (4632 turns).

Htamos the Skirmisher (Barachi Fighter)             Turns: 4632, Time: 00:04:30

Health: -12/61     AC:  8    Str: 20 (21) XL:     7   Next: 11%
Magic:  7/7        EV:  7    Int:  7 (8)  God:
Gold:   186        SH:  9    Dex: 10 (12) Spells: 6/6 levels left

rFire    . . .     SeeInvis .   a - +0 flail
rCold    . . .     Gourm    .   c - +0 shield
rNeg     . . .     Faith    .   b - +0 scale mail
rPois    .         Spirit   .   (no helmet)
rElec    .         Reflect  .   (no cloak)
rCorr    .         Harm     .   (no gloves)
MR       .....     Clarity  +   (no boots)
Stlth    ..........             (no amulet)
HPRegen  0.20/turn              (no ring)
MPRegen  0.10/turn              (no ring)

@: slow
A: +LOS, swims, thin metallic scales 1, clarity, slowness 1, strong 1, wild
magic 1, strong legs 1
a: Hop


You were on level 4 of the Dungeon.
You were not hungry.

You visited 1 branch of the dungeon, and saw 4 of its levels.

You collected 186 gold pieces.

Inventory:

Hand Weapons
 a - a +0 flail (weapon)
Armour
 b - a +0 scale mail (worn)
 c - a +0 shield (worn)
Scrolls
 e - 7 scrolls of identify {unknown}
 g - 2 scrolls of enchant armour {unknown}
 j - 3 scrolls of teleportation {unknown}
 m - a scroll of enchant weapon {unknown}
 n - 2 scrolls of remove curse {unknown}
 s - a scroll of noise {unknown}
Potions
 i - 3 potions of curing
 k - a potion of brilliance
Comestibles
 f - 11 rations


   Skills:
 * Level 7.9 Fighting
 + Level 5.0 Maces & Flails
 - Level 3.6 Armour
 - Level 3.3 Shields


You had 6 spell levels left.
You didn't know any spells.
Your spell library was empty.

Dungeon Overview and Level Annotations

Branches:
Dungeon (4/15)
 Temple: D:4-7

Altars:


Innate Abilities, Weirdness & Mutations

Shadows flee at your approach. (+LOS)
You can swim through water.
You cover ground slowly.
You can hop short distances.
You are partially covered in thin metallic scales. (AC +2)
You possess an exceptional clarity of mind.
Your muscles are strong. (Str +2)
Your spells are a little harder to cast, but a little more powerful.


Message History

Thin metallic scales grow over part of your body.
You feel stronger.
You feel less in control of your magic.
Your thoughts seem clearer.
You block the two-headed ogre's attack.
The two-headed ogre hits you with a giant spiked club!
* * * LOW HITPOINT WARNING * * *
You hit the two-headed ogre but do no damage.
The two-headed ogre hits you with a dire flail of protection.
* * * LOW HITPOINT WARNING * * *
The two-headed ogre hits you with a giant spiked club.
* * * LOW HITPOINT WARNING * * *
You hit the two-headed ogre but do no damage.
The two-headed ogre hits you with a dire flail of protection.
* * * LOW HITPOINT WARNING * * *
The two-headed ogre barely misses you.
You sock the two-headed ogre!
The two-headed ogre is moderately wounded.
You block the two-headed ogre's attack.
The two-headed ogre hits you with a giant spiked club!!
You die...

..#.....# #.......#......
..#.....# #.......'.......
###.....######.......############
.......................###..#....
.......................#....#....
.......................+....#....
.......................#....#....
#######.........O.a....#....#....
#......###@##....##'###....
#......#....#..............
#......#....#..............
#......#...##..........####
###....#######+##......#...
#....# ########... #....# #...
#....# #... #....# #...


You could see a two-headed ogre and a worker ant.

Vanquished Creatures
  Sigmund (D:2)
  Jessica (D:3)
  2 iguanas (D:4)
  Natasha (thrice) (D:2)
  A worker ant (D:4)
  7 adders
  An ooze (D:2)
  3 worms
  A dart slug (D:3)
  A leopard gecko (D:3)
  An orc (D:3)
  A ball python (D:2)
  4 giant cockroaches (D:2)
  7 goblins
  5 hobgoblins
  10 jackals
  3 quokkas
  7 bats
  5 frilled lizards
  7 kobolds
  2 rats
73 creatures vanquished.

Notes
Turn   | Place    | Note
-------+----------+-------------------------------------------
     0 | D:1      | Htamos the Barachi Fighter began the quest for the Orb.
     0 | D:1      | Reached XP level 1. HP: 18/18 MP: 1/1
   291 | D:1      | Reached skill level 4 in Fighting
   291 | D:1      | Reached XP level 2. HP: 25/25 MP: 2/2
  1165 | D:2      | Reached XP level 3. HP: 17/31 MP: 3/3
  1452 | D:2      | Reached skill level 5 in Fighting
  1514 | D:2      | Noticed Natasha
  1524 | D:2      | Killed Natasha
  1524 | D:2      | Reached XP level 4. HP: 23/39 MP: 4/4
  1960 | D:2      | Reached XP level 5. HP: 29/46 MP: 5/5
  2073 | D:2      | Noticed Sigmund
  2439 | D:2      | Killed Sigmund
  2439 | D:2      | Reached skill level 7 in Fighting
  2439 | D:2      | Reached XP level 6. HP: 41/55 MP: 6/6
  2715 | D:2      | Noticed Natasha
  2718 | D:2      | Killed Natasha
  2828 | D:2      | Noticed Natasha
  2835 | D:2      | Killed Natasha
  3443 | D:3      | Noticed Jessica
  3451 | D:3      | Killed Jessica
  4190 | D:4      | Reached XP level 7. HP: 52/61 MP: 7/7
  4581 | D:4      | Reached skill level 5 in Maces & Flails
  4613 | D:4      | Noticed a two-headed ogre
  4627 | D:4      | Gained mutation: You are partially covered in large bone plates. (SH +4) [potion of mutation]
  4627 | D:4      | Gained mutation: Your muscles are strong. (Str +2) [potion of mutation]
  4627 | D:4      | Gained mutation: Your flesh is cold resistant. (rC+) [potion of mutation]
  4629 | D:4      | Lost mutation: Your muscles are strong. (Str +2) [potion of mutation]
  4629 | D:4      | Lost mutation: Your flesh is cold resistant. (rC+) [potion of mutation]
  4629 | D:4      | Lost mutation: You are partially covered in large bone plates. (SH +4) [potion of mutation]
  4629 | D:4      | Gained mutation: You are partially covered in thin metallic scales. (AC +2) [potion of mutation]
  4629 | D:4      | Gained mutation: Your muscles are strong. (Str +2) [potion of mutation]
  4629 | D:4      | Gained mutation: Your spells are a little harder to cast, but a little more powerful. [potion of mutation]
  4629 | D:4      | Gained mutation: You possess an exceptional clarity of mind. [potion of mutation]
  4632 | D:4      | Mangled by a two-headed ogre

Vault maps used:
D:1:      dpeg_arrival_line_fractal, serial_forest,
          infiniplex_forest_clump_diagonal, infiniplex_forest_lined_corner,
          infiniplex_forest_clump_double, infiniplex_forest_corner_2,
          infiniplex_forest_corner_2, infiniplex_forest_lined_3, hex_large,
          minmay_misc_feat_tower, roderic_roman_lattice
D:2:      wad_river_or_something, uniq_natasha, uniq_sigmund
D:3:      first_ration, uniq_jessica
D:4:      minmay_temple_entry_from_below_a

Skill      XL: |  1  2  3  4  5  6  7 |
---------------+----------------------+-----
Fighting       | 4 5 7 |  7.9
Maces & Flails | 3 4 5 |  5.0
Armour         | |  3.6
Shields        | |  3.3

Action                   |  1- 3 |  4- 6 |  7- 9 || total
-------------------------+-------+-------+-------++-------
Melee: Flail             |    72 |   176 |    17 ||   265
 Abil: Hop               |       |       |     1 ||     1
  Use: Potion            |       |       |     9 ||     9
  Eat: Chunk             |     3 |     6 |     1 ||    10
       Ration            |       |     1 |       ||     1
Armor: Scale mail        |    36 |    83 |     1 ||   120
Dodge: Dodged            |    34 |    66 |     5 ||   105
Block: Shield            |    40 |   105 |     7 ||   152

Table legend:
 A = Spawn XP
 B = Non-spawn XP
 C = Spawn XP percentage of total XP
 D = Spawn monster count
 E = Non-spawn monster count
 F = Spawn count percentage of total count
 G = Total turns spent on level
                    A         B        C        D         E        F      G
               +---------+---------+-------+---------+---------+-------+---------
         Total |       0 |     682 |   0.0 |       0 |      73 |   0.0 |  4632
               +---------+---------+-------+---------+---------+-------+---------
           D:1 |       0 |      14 |   0.0 |       0 |      11 |   0.0 |   909
           D:2 |       0 |     459 |   0.0 |       0 |      38 |   0.0 |  1791
           D:3 |       0 |      95 |   0.0 |       0 |      17 |   0.0 |  1218
           D:4 |       0 |     114 |   0.0 |       0 |       7 |   0.0 |   714
               +---------+---------+-------+---------+---------+-------+---------
